3R
QUEBEC ROOKIES @ HUDSONVILLE FLANDERSES
08/20/2032
 
TOP OF THE 1ST
Quebec Rookies batting - Pitching for Hudsonville Flanderses : RHP Harta Wibawa Chandra
Pitching: RHP Harta Wibawa Chandra
Batting: RHB Jamal Grant 0-0: Called Strike
0-1: SINGLE (Line Drive, 4D)
Batting: RHB Jay Jamieson 0-0: Ball
1-0: Called Strike
1-1: Foul Ball, location: 2F
1-2: Fly out, F7 (Flyball, 78M)
Batting: LHB John Langevine 0-0: Ball
1-0: Ball
2-0: Ball
3-0: Called Strike
3-1: Base on Balls
Jamal Grant to second
Batting: RHB Phil Greaney 0-0: Ball
Wild Pitch!
Jamal Grant to third
John Langevine to second
1-0: Foul Ball, location: 2F
1-1: Ball
2-1: Swinging Strike
2-2: Ball
3-2: Ground out 6-3 (Groundball, 6)
Jamal Grant scores
Batting: RHB Sal Elliott 0-0: Called Strike
0-1: Swinging Strike
0-2: Strikes out looking
Top of the 1st over - 1 run, 1 hit, 0 errors, 1 left on base; Quebec 1 - Hudsonville 0
BOTTOM OF THE 1ST
Hudsonville Flanderses batting - Pitching for Quebec Rookies : RHP Olaf Solleveld
Pitching: RHP Olaf Solleveld
Batting: RHB Jesús Sánchez 0-0: Called Strike
0-1: Foul Ball, location: 2F
0-2: Ball
1-2: Fly out, F6 (Popup, 6)
Batting: LHB Roberts Hamhock 0-0: Foul Ball, location: 2F
0-1: Ground out 4-3 (Groundball, 4S)
Batting: LHB Gregory Clement 0-0: Foul Ball, location: 2F
0-1: SINGLE (Groundball, 3D)
Batting: LHB Anastasio Flores 0-0: Called Strike
0-1: Ball
1-1: Foul Ball, location: 2F
1-2: Fly out, F7 (Flyball, 78D)
Bottom of the 1st over - 0 runs, 1 hit, 0 errors, 1 left on base; Quebec 1 - Hudsonville 0
TOP OF THE 2ND
Quebec Rookies batting - Pitching for Hudsonville Flanderses : RHP Harta Wibawa Chandra
Batting: RHB Alejandro Córdova 0-0: Ball
1-0: Ball
2-0: Ball
3-0: Called Strike
3-1: Called Strike
3-2: Base on Balls
Batting: RHB Armando Hernández 0-0: Ball
1-0: Ball
Alejandro Córdova is caught stealing 2nd base
2-0: Foul Ball, location: 2F
2-1: Foul Ball, location: 2F
2-2: Fly out, F6 (Popup, 56)
Batting: LHB Keith Pick 0-0: Ball
1-0: Foul Ball, location: 2F
1-1: DOUBLE (Flyball, 8LD)
Batting: RHB León Duarte 0-0: Ball
1-0: Ball
2-0: Ball
3-0: Base on Balls
Batting: RHB Jamal Grant 0-0: Called Strike
0-1: Ground out 4-3 (Groundball, 4)
Top of the 2nd over - 0 runs, 1 hit, 0 errors, 2 left on base; Quebec 1 - Hudsonville 0
BOTTOM OF THE 2ND
Hudsonville Flanderses batting - Pitching for Quebec Rookies : RHP Olaf Solleveld
Batting: LHB Sandro Goro 0-0: Swinging Strike
0-1: Ball
1-1: Foul Ball, location: 2F
1-2: Foul Ball, location: 2F
1-2: Ball
2-2: Foul Ball, location: 2F
2-2: Ground out 4-3 (Groundball, 4)
Batting: RHB Louie Kennard 0-0: SINGLE (Line Drive, 5)
Batting: RHB Toni Vilen 0-0: Called Strike
Louie Kennard steals 2nd base
0-1: Ground out 6-3 (Groundball, 56)
Batting: LHB Ids Ulderink 0-0: Called Strike
0-1: SINGLE (Groundball, 3D)
Louie Kennard to third
Runner from 3rd tries for Home, SAFE, throw made home
Batting: LHB Howard Porter 0-0: Ball
1-0: Ground out 4-3 (Groundball, 4)
Bottom of the 2nd over - 1 run, 2 hits, 0 errors, 1 left on base; Quebec 1 - Hudsonville 1
TOP OF THE 3RD
Quebec Rookies batting - Pitching for Hudsonville Flanderses : RHP Harta Wibawa Chandra
Batting: RHB Jay Jamieson 0-0: Ball
1-0: Ball
2-0: SINGLE (Groundball, 4MD)
Batting: LHB John Langevine 0-0: Swinging Strike
0-1: Ball
1-1: SINGLE (Groundball, 6S) (infield hit)
Jay Jamieson to second
Batting: RHB Phil Greaney 0-0: Ball
1-0: Swinging Strike
1-1: Foul Ball, location: 2F
1-2: Ball
2-2: Lines into TRIPLE play, 6-4-3 (Line Drive, 6)
Top of the 3rd over - 0 runs, 2 hits, 0 errors, 0 left on base; Quebec 1 - Hudsonville 1
BOTTOM OF THE 3RD
Hudsonville Flanderses batting - Pitching for Quebec Rookies : RHP Olaf Solleveld
Batting: RHB Jesús Sánchez 0-0: Ball
1-0: SINGLE (Groundball, 6MD)
Batting: LHB Roberts Hamhock 0-0: Ball
1-0: Called Strike
1-1: Foul Ball, location: 2F
1-2: SINGLE (Groundball, 4MD)
Jesús Sánchez to second
Batting: LHB Gregory Clement 0-0: Ball
1-0: Ball
2-0: Foul Ball, location: 2F
2-1: Fly out, F7 (Flyball, 78S)
Batting: LHB Anastasio Flores 0-0: Ball
1-0: Called Strike
1-1: Ball
2-1: SINGLE (Flyball, 89S)
Jesús Sánchez to third
Roberts Hamhock to second
Batting: LHB Sandro Goro 0-0: Ball
1-0: Called Strike
1-1: Ball
2-1: Ball
3-1: Base on Balls
Jesús Sánchez scores
Roberts Hamhock to third
Anastasio Flores to second
Batting: RHB Louie Kennard 0-0: Ball
1-0: Ball
2-0: DOUBLE (Line Drive, 7D)
Roberts Hamhock scores
Anastasio Flores scores
Sandro Goro to third
Batting: RHB Toni Vilen 0-0: SINGLE (Line Drive, 78M)
Sandro Goro scores
Louie Kennard to third
Runner from 3rd tries for Home, SAFE, no throw
Batting: LHB Ids Ulderink 0-0: Ball
1-0: Swinging Strike
1-1: Ball
2-1: Ball
3-1: Called Strike
3-2: Foul Ball, location: 2F
3-2: Foul Ball, location: 2F
3-2: SINGLE (Groundball, 3D)
Toni Vilen to second
Runner from 2nd tries for 3rd, SAFE, no throw
Batting: LHB Howard Porter 0-0: SINGLE (Groundball, 4D)
Toni Vilen scores
Ids Ulderink to second
Runner from 2nd tries for 3rd, SAFE, no throw
Batting: RHB Jesús Sánchez 0-0: Ball
1-0: Fly out, F6 (Popup, 6D)
Batting: LHB Roberts Hamhock 0-0: Foul Ball, location: 2F
0-1: Ball
1-1: Ball
2-1: Foul Ball, location: 2F
2-2: SINGLE (Line Drive, 8RS)
Ids Ulderink scores
Howard Porter to second
Pitching: RHP António Sánchez
Batting: LHB Gregory Clement 0-0: Ball
1-0: Foul Ball, location: 2F
1-1: SINGLE (Groundball, 34D)
Howard Porter to third
Roberts Hamhock to second
Runner from 3rd tries for Home, SAFE, no throw
Batting: LHB Anastasio Flores 0-0: Ball
1-0: Called Strike
1-1: SINGLE (Groundball, 4D)
Roberts Hamhock to third
Gregory Clement to second
Runner from 3rd tries for Home, throw and OUT!
Bottom of the 3rd over - 8 runs, 10 hits, 0 errors, 2 left on base; Quebec 1 - Hudsonville 9
TOP OF THE 4TH
Quebec Rookies batting - Pitching for Hudsonville Flanderses : RHP Harta Wibawa Chandra
Batting: RHB Sal Elliott 0-0: Called Strike
0-1: SINGLE (Line Drive, 34)
Batting: RHB Alejandro Córdova Pickoff Throw to First - Out!
0-0: Ball
1-0: Ball
2-0: Called Strike
2-1: Ball
3-1: Foul Ball, location: 2F
3-2: Foul Ball, location: 2F
3-2: Ground out 6-3 (Groundball, 6S)
Batting: RHB Armando Hernández 0-0: Called Strike
0-1: Ball
1-1: Foul Ball, location: 2F
1-2: Strikes out swinging
Top of the 4th over - 0 runs, 1 hit, 0 errors, 0 left on base; Quebec 1 - Hudsonville 9
BOTTOM OF THE 4TH
Hudsonville Flanderses batting - Pitching for Quebec Rookies : RHP António Sánchez
Batting: LHB Sandro Goro 0-0: Ball
1-0: Called Strike
1-1: Fly out, F1 (Line Drive, 13S)
Batting: RHB Louie Kennard 0-0: Ball
1-0: Fly out, F5 (Popup, 5F)
Batting: RHB Toni Vilen 0-0: Called Strike
0-1: SINGLE (Groundball, 56D)
Batting: LHB Ids Ulderink 0-0: Called Strike
0-1: Ball
1-1: Foul Ball, location: 2F
1-2: Ball
2-2: 2-RUN HOME RUN (Flyball, 9D), Distance : 369 ft
Batting: LHB Howard Porter 0-0: Swinging Strike
0-1: Ball
1-1: Swinging Strike
1-2: Ball
2-2: Hit by Pitch
Batting: RHB Jesús Sánchez Pickoff Throw to First - Out!
Bottom of the 4th over - 2 runs, 2 hits, 0 errors, 0 left on base; Quebec 1 - Hudsonville 11
TOP OF THE 5TH
Quebec Rookies batting - Pitching for Hudsonville Flanderses : RHP Harta Wibawa Chandra
Batting: LHB Keith Pick 0-0: Called Strike
0-1: Foul Ball, location: 2F
0-2: Ball
1-2: Strikes out swinging
Batting: RHB León Duarte 0-0: Ball
1-0: Ball
2-0: Ball
3-0: Called Strike
3-1: DOUBLE (Line Drive, 78M)
Pitching: RHP Duckens Nazon
Batting: RHB Jamal Grant 0-0: Ball
1-0: Ball
2-0: Called Strike
2-1: Ball
3-1: Base on Balls
Batting: RHB Jay Jamieson 0-0: Called Strike
0-1: Called Strike
0-2: Ball
1-2: Foul Ball, location: 2F
1-2: Ball
2-2: Strikes out swinging
Batting: LHB John Langevine 0-0: Ground out 6-3 (Groundball, 6S)
Top of the 5th over - 0 runs, 1 hit, 0 errors, 2 left on base; Quebec 1 - Hudsonville 11
BOTTOM OF THE 5TH
Hudsonville Flanderses batting - Pitching for Quebec Rookies : RHP António Sánchez
Batting: RHB Jesús Sánchez 0-0: Ball
1-0: Swinging Strike
1-1: Ball
2-1: SINGLE (Groundball, 6D)
Batting: LHB Roberts Hamhock 0-0: SINGLE (Groundball, 4D)
Jesús Sánchez to second
Runner from 2nd tries for 3rd, SAFE, no throw
Batting: LHB Gregory Clement 0-0: Swinging Strike
0-1: Foul Ball, location: 2F
0-2: Ball
1-2: Ball
2-2: Fielders Choice at 2nd, 6-4 (Groundball, 6)
Jesús Sánchez scores
Batting: LHB Anastasio Flores 0-0: Ball
Passed Ball!
Gregory Clement to second
1-0: Ball
2-0: Called Strike
2-1: Ball
3-1: SINGLE (Line Drive, 78S)
Gregory Clement to third
Batting: LHB Sandro Goro 0-0: Ball
1-0: Fly out, F2 (Popup, 25F)
Batting: RHB Louie Kennard 0-0: Ball
1-0: Swinging Strike
1-1: SINGLE (Groundball, 6MD)
Gregory Clement scores
Anastasio Flores to second
Batting: RHB Toni Vilen 0-0: Ball
1-0: Called Strike
1-1: Foul Ball, location: 2F
1-2: Ball
2-2: Foul Ball, location: 2F
2-2: Ball
3-2: DOUBLE (Flyball, 89D)
Anastasio Flores scores
Louie Kennard to third
Louie Kennard scores
Batting: LHB Ids Ulderink 0-0: SINGLE (Groundball, 6MD)
Toni Vilen to third
Runner from 3rd tries for Home, SAFE, no throw
Batting: LHB Howard Porter 0-0: Called Strike
0-1: Called Strike
0-2: Ball
Wild Pitch!
Ids Ulderink to second
1-2: Ball
2-2: Ball
3-2: Foul Ball, location: 2F
3-2: Base on Balls
Batting: RHB Jesús Sánchez 0-0: Called Strike
0-1: Fielders Choice at 2nd, 6-4 (Groundball, 6)
Bottom of the 5th over - 5 runs, 6 hits, 0 errors, 2 left on base; Quebec 1 - Hudsonville 16
TOP OF THE 6TH
Quebec Rookies batting - Pitching for Hudsonville Flanderses : RHP Duckens Nazon
Batting: RHB Phil Greaney 0-0: Called Strike
0-1: Ball
1-1: Swinging Strike
1-2: Strikes out looking
Batting: RHB Sal Elliott 0-0: Ball
1-0: Ball
2-0: Called Strike
2-1: Ball
3-1: SINGLE (Groundball, 6) (infield hit)
Pinch Hitting: RHB Christian Patriarche 0-0: Ball
1-0: Ball
2-0: Called Strike
2-1: Swinging Strike
2-2: Strikes out swinging
Batting: RHB Armando Hernández 0-0: Called Strike
0-1: Foul Ball, location: 2F
0-2: Fielders Choice at 2nd, 6-4 (Groundball, 6)
Top of the 6th over - 0 runs, 1 hit, 0 errors, 1 left on base; Quebec 1 - Hudsonville 16
BOTTOM OF THE 6TH
Hudsonville Flanderses batting - Pitching for Quebec Rookies : RHP António Sánchez
Now in LF: Christian Patriarche
Batting: LHB Roberts Hamhock 0-0: Ball
1-0: Ball
2-0: Foul Ball, location: 2F
2-1: Ball
3-1: Foul Ball, location: 2F
3-2: DOUBLE (Flyball, 8RXD)
Pitching: RHP Wen-zhong Mar
Batting: LHB Gregory Clement 0-0: Called Strike
0-1: SINGLE (Flyball, 78S)
Roberts Hamhock to third
Batting: LHB Anastasio Flores 0-0: Called Strike
0-1: Ground out 3-1 (Groundball, 34S)
Roberts Hamhock scores
Gregory Clement to second
Batting: LHB Sandro Goro 0-0: Called Strike
0-1: DOUBLE (Line Drive, 8LD)
Gregory Clement scores
Batting: RHB Louie Kennard 0-0: Ball
Wild Pitch!
Sandro Goro to third
1-0: Called Strike
1-1: Called Strike
1-2: Ball
2-2: Ball
3-2: Foul Ball, location: 2F
3-2: Fly out, F8 (Line Drive, 8LM)
Runner from 3rd tags up, SCORES, no throw
Batting: RHB Toni Vilen 0-0: Called Strike
0-1: Ball
1-1: Foul Ball, location: 2F
1-2: DOUBLE (Flyball, 78D)
Batting: LHB Ids Ulderink 0-0: Called Strike
0-1: Ground out 4-3 (Groundball, 34)
Bottom of the 6th over - 3 runs, 4 hits, 0 errors, 1 left on base; Quebec 1 - Hudsonville 19
TOP OF THE 7TH
Quebec Rookies batting - Pitching for Hudsonville Flanderses : RHP Duckens Nazon
Batting: LHB Keith Pick 0-0: Called Strike
0-1: Called Strike
0-2: Ball
1-2: Strikes out swinging
Batting: RHB León Duarte 0-0: Called Strike
0-1: Fly out, F8 (Flyball, 8LM)
Batting: RHB Jamal Grant 0-0: Ground out 4-3 (Groundball, 4S)
Top of the 7th over - 0 runs, 0 hits, 0 errors, 0 left on base; Quebec 1 - Hudsonville 19
BOTTOM OF THE 7TH
Hudsonville Flanderses batting - Pitching for Quebec Rookies : RHP Wen-zhong Mar
Batting: LHB Howard Porter 0-0: Called Strike
0-1: Foul Ball, location: 2F
0-2: Reached on error, E4 (Line Drive, 4)
Batting: RHB Jesús Sánchez 0-0: Grounds into double play, 6-4-3 (Groundball, 6)
Batting: LHB Roberts Hamhock 0-0: Ball
1-0: SINGLE (Groundball, 4MD)
Batting: LHB Gregory Clement 0-0: Ball
1-0: Ball
2-0: Called Strike
2-1: Foul Ball, location: 2F
2-2: Ground out 4-3 (Groundball, 4)
Bottom of the 7th over - 0 runs, 1 hit, 1 error, 1 left on base; Quebec 1 - Hudsonville 19
TOP OF THE 8TH
Quebec Rookies batting - Pitching for Hudsonville Flanderses : RHP Duckens Nazon
Batting: RHB Jay Jamieson 0-0: Called Strike
0-1: Ball
1-1: Ball
2-1: Ball
3-1: Swinging Strike
3-2: Foul Ball, location: 2F
3-2: Ground out 5-3 (Groundball, 5S)
Batting: LHB John Langevine 0-0: Ground out 5-3 (Groundball, 56)
Batting: RHB Phil Greaney 0-0: Called Strike
0-1: Called Strike
0-2: Ball
1-2: Strikes out swinging
Top of the 8th over - 0 runs, 0 hits, 0 errors, 0 left on base; Quebec 1 - Hudsonville 19
BOTTOM OF THE 8TH
Hudsonville Flanderses batting - Pitching for Quebec Rookies : RHP Wen-zhong Mar
Batting: LHB Anastasio Flores 0-0: Foul Ball, location: 2F
0-1: Foul Ball, location: 2F
0-2: Strikes out looking
Batting: LHB Sandro Goro 0-0: Ball
1-0: Ball
2-0: Ball
3-0: Called Strike
3-1: Base on Balls
Batting: RHB Louie Kennard 0-0: Ball
1-0: Ball
2-0: Fielders Choice at 2nd, 5-4 (Groundball, 56)
Batting: RHB Toni Vilen 0-0: Ball
Louie Kennard is caught stealing 2nd base
Bottom of the 8th over - 0 runs, 0 hits, 0 errors, 0 left on base; Quebec 1 - Hudsonville 19
TOP OF THE 9TH
Quebec Rookies batting - Pitching for Hudsonville Flanderses : RHP Duckens Nazon
Batting: RHB Sal Elliott 0-0: Foul Ball, location: 2F
0-1: Ball
1-1: Ball
2-1: Foul Ball, location: 2F
2-2: Ground out 5-3 (Groundball, 56S)
Batting: RHB Christian Patriarche 0-0: Ball
1-0: Fly out, F8 (Line Drive, 8RD)
Batting: RHB Armando Hernández 0-0: Ground out 5-3 (Groundball, 56)
Top of the 9th over - 0 runs, 0 hits, 0 errors, 0 left on base; Quebec 1 - Hudsonville 19
Wednesday, September 19th, 2018 - OOTP Baseball 18.8 Build 76